 Dungeon Crawl Stone Soup version 0.27-a0-668-gb5737ff2c0 (webtiles) character file.

Game seed: 7233293673561332902

338 robertstho the Shooter (level 6, -13/52 HPs)
             Began as a Minotaur Hunter on Mar 17, 2021.
             Mangled by an ogre
             ... wielding a +0 giant club
              (17 damage)
             ... on level 4 of the Dungeon.
             The game lasted 00:04:48 (3566 turns).

robertstho the Shooter (Minotaur Hunter)            Turns: 3566, Time: 00:04:49

Health: -13/52     AC:  8    Str: 18    XL:     6   Next: 29%
Magic:  5/5        EV:  7    Int:  8    God:
Gold:   236        SH:  0    Dex: 11    Spells: 5/5 levels left

rFire    . . .     SeeInvis .   u - +0 war axe
rCold    . . .     Faith    .   (no shield)
rNeg     . . .     Spirit   .   s - +0 chain mail
rPois    .         Reflect  .   (helmet restricted)
rElec    .         Harm     .   (no cloak)
rCorr    .         Rampage  .   (no gloves)
Will     .....                  (no boots)
Stlth    ..........             (no amulet)
HPRegen  0.17/turn              (no ring)
MPRegen  0.09/turn              (no ring)

@: no status effects
A: horns 2, retaliatory headbutt
a: no special abilities


You were on level 4 of the Dungeon.
You visited 1 branch of the dungeon, and saw 4 of its levels.

You collected 236 gold pieces.

Inventory:

Hand Weapons
 a - a +1 shortbow
 u - a +0 war axe (weapon)
Missiles
 d - 12 arrows
Armour
 s - a +0 chain mail (worn)
Scrolls
 e - a scroll of enchant weapon {unknown}
 f - 3 scrolls of identify {unknown}
 h - a scroll of teleportation {unknown}
 i - 2 scrolls of holy word {unknown}
 j - a scroll of fog {unknown}
 n - a scroll of immolation {unknown}
 o - a scroll of amnesia {unknown}
 t - a scroll of fear {unknown}
Potions
 c - a potion of degeneration {unknown}
 g - a potion of heal wounds {unknown}
 k - a potion of brilliance {unknown}
 l - a potion of curing {unknown}
 m - a potion of flight {unknown}
 p - a potion of haste {unknown}
 r - a potion of cancellation {unknown}


   Skills:
 * Level 4.2 Fighting
 * Level 7.5 Bows
 + Level 1.2 Armour
 + Level 2.2 Dodging
 + Level 0.7 Stealth


You had 5 spell levels left.
You didn't know any spells.
Your spell library was empty.

Dungeon Overview and Level Annotations

Branches:
Dungeon (4/15)
 Temple: D:4-7

Altars:
Fedhas
Hepliaklqana
Nemelex Xobeh
Ru
Trog
Wu Jian


Innate Abilities, Weirdness & Mutations

You have a pair of horns on your head.
You reflexively headbutt those who attack you in melee.


Message History

The orc hits you but does no damage.
You shoot an arrow.
The arrow hits the orc but does no damage.
The orc is heavily wounded.
The orc hits you with a +0 falchion.
You shoot an arrow. The arrow hits the orc.
You kill the orc!
No target in view!
No target in view!
d - 17 arrows (gained 6)
You see here a +0 falchion.
You now have 236 gold pieces (gained 6).
Found a stone staircase leading up.
An ogre comes into view. It is wielding a +0 giant club.
An ogre is nearby!
An ogre is nearby!
An ogre is nearby!
You shoot an arrow. The arrow hits the ogre.
The ogre is lightly wounded.
You shoot an arrow. The arrow hits the ogre.
The ogre is moderately wounded.
You shoot an arrow. The arrow barely misses the ogre.
The ogre completely misses you.
You shoot an arrow. The arrow hits the ogre!
The ogre is severely wounded.
The ogre hits you with a +0 giant club!!
You shoot an arrow.
The arrow hits the ogre but does no damage.
The ogre is severely wounded.
The ogre hits you with a +0 giant club.
You are too injured to fight recklessly!
You are too injured to fight recklessly!
You are too injured to fight recklessly!
u - a +0 war axe (weapon)
You hit the ogre but do no damage. You headbutt the ogre!
The ogre is almost dead.
The ogre hits you with a +0 giant club!!
* * * LOW HITPOINT WARNING * * *
The ogre hits you with a +0 giant club!
You die...

#.........#
#.#######.# #.#
#.### #.# #####...#
#.# #.......#
##.###.###...#
####...##.# #..##
..........###..####
####............@<#
##.###########O#
#.# (# #.# (# #+#
.# .. .# .# #


You could see an ogre.

Vanquished Creatures
  2 orc priests (D:3)
  A hound (D:4)
  Robin (D:3)
  6 adders
  3 gnolls (D:4)
  An ooze (D:3)
  6 worms
  A dart slug (D:3)
  4 leopard geckos
  13 orcs
  5 giant cockroaches
  19 goblins
  8 hobgoblins
  9 jackals
  6 kobolds
  2 quokkas
  6 bats
  6 frilled lizards
  21 rats
120 creatures vanquished.

Notes
Turn   | Place    | Note
-------+----------+-------------------------------------------
     0 | D:1      | robertstho the Minotaur Hunter began the quest for the Orb.
     0 | D:1      | Reached XP level 1. HP: 18/18 MP: 0/0
   201 | D:1      | Reached XP level 2. HP: 25/25 MP: 1/1
   320 | D:1      | Reached skill level 5 in Bows
   606 | D:1      | Reached XP level 3. HP: 30/30 MP: 2/2
   933 | D:2      | Reached XP level 4. HP: 35/38 MP: 3/3
  1386 | D:2      | Reached skill level 6 in Bows
  1461 | D:3      | Found a hazy altar of Hepliaklqana.
  1473 | D:3      | Found a bloodstained altar of Trog.
  1477 | D:3      | Found a blossoming altar of Fedhas.
  1589 | D:3      | Found a sparkling altar of Nemelex Xobeh.
  1592 | D:3      | Found an ornate altar of the Wu Jian Council.
  1625 | D:3      | Noticed Robin
  1633 | D:3      | Killed Robin
  1636 | D:3      | Reached XP level 5. HP: 40/46 MP: 4/4
  2262 | D:3      | Found a sacrificial altar of Ru.
  2554 | D:3      | Reached skill level 7 in Bows
  3041 | D:4      | Reached XP level 6. HP: 50/52 MP: 5/5
  3119 | D:4      | Reached skill level 1 in Armour
  3566 | D:4      | Mangled by an ogre

Illustrated notes

Levels and vault maps discovered:
D:1:      ncdulo_smallfort, layout_basic, minmay_rat_gold_closets
D:2:      layout_loops_ring
D:3:      layout_basic, nicolae_ru_awakened_eye, grunt_temple_overflow_open,
          uniq_robin
D:4:      layout_loops_corners, led_sif_pool

Skill      XL: |  1  2  3  4  5  6 |
---------------+-------------------+-----
Bows           | 5 6 7 |  7.5
Fighting       | 3 4 |  4.2
Armour         | 1 |  1.2
Dodging        | |  2.2
Stealth        | |  0.7

Action                   |  1- 3 |  4- 6 || total
-------------------------+-------+-------++-------
Melee: War axe           |       |     2 ||     2
       Headbutt          |       |     1 ||     1
 Fire: Shortbow          |   100 |   218 ||   318
Armor: Leather armour    |     8 |     1 ||     9
       Scale mail        |       |    14 ||    14
       Chain mail        |       |    12 ||    12
Dodge: Dodged            |    20 |    38 ||    58

Table legend: (Time is in decaauts)
 A = Elapsed time spent in this place.
 B = Non-inter-level travel time spent in this place.
 C = Inter-level travel time spent in this place.
 D = Time resting spent in this place.
 E = Time spent auto-exploring this place.
 F = Levels seen in this place.
 G = Mean time per level.
                   A        B        C        D        E       F      G
               +--------+--------+--------+--------+--------+-----+--------+
         Total |   3561 |   3487 |     74 |    203 |   2663 |   4 |  890.2 |
       Dungeon |   3561 |   3487 |     74 |    203 |   2663 |   4 |  890.2 |
               +--------+--------+--------+--------+--------+-----+--------+

Top non-repeatable levels by time:
     D:3: 1360 daAuts
     D:2: 935 daAuts
     D:1: 738 daAuts
     D:4: 527 daAuts
